| TOP OF THE 1ST |
|
Orem Owlz batting - Pitching for Burlington Royals : LHP Hyoji Kawabata
|
|
Pitching: LHP Hyoji Kawabata
|
|
|
Batting: SHB Butch Brown
|
0-0: Foul Ball, location: 2F 0-1: Swinging Strike 0-2: Ball 1-2: Strikes out swinging
|
|
Batting: RHB Jose Ramirez
|
0-0: Ball 1-0: Bunt missed! 1-1: Swinging Strike 1-2: Foul Ball, location: 2F 1-2: Foul Ball, location: 2F 1-2: Strikes out swinging
|
|
Batting: RHB Ryan Pelletier
|
0-0: Foul Ball, location: 2F 0-1: Fly out, F7 (Line Drive, 7, EV 97.5 MPH)
|
| Top of the 1st over - 0 runs, 0 hits, 0 errors, 0 left on base; Orem 0 - Burlington 0 |
| BOTTOM OF THE 1ST |
|
Burlington Royals batting - Pitching for Orem Owlz : RHP Luis Cabrera
|
|
Pitching: RHP Luis Cabrera
|
|
|
Batting: LHB Ernesto Abreu
|
0-0: Ball 1-0: Ball 2-0: Called Strike 2-1: Ball 3-1: Foul Ball, location: 2F 3-2: Strikes out swinging
|
|
Batting: RHB Tim Persson
|
0-0: Called Strike 0-1: Called Strike 0-2: Ground out 5-3 (Groundball, 5, EV 91.2 MPH)
|
|
Batting: SHB Manny Berrones
|
0-0: Called Strike 0-1: Swinging Strike 0-2: Foul Ball, location: 2F 0-2: DOUBLE (Flyball, 8RD, EV 100.6 MPH)
|
|
Batting: SHB Danny Ballenger
|
0-0: Ball 1-0: Ground out 5-3 (Groundball, 56, EV 88.1 MPH)
|
| Bottom of the 1st over - 0 runs, 1 hit, 0 errors, 1 left on base; Orem 0 - Burlington 0 |
| TOP OF THE 2ND |
|
Orem Owlz batting - Pitching for Burlington Royals : LHP Hyoji Kawabata
|
|
Batting: RHB Kinya Nishimura
|
0-0: Called Strike 0-1: Called Strike 0-2: Ball 1-2: Strikes out looking
|
|
Batting: LHB Brett Bugge
|
0-0: Called Strike 0-1: Swinging Strike 0-2: Foul Ball, location: 2F 0-2: Ground out 6-3 (Groundball, 6, EV 110.0 MPH)
|
|
Batting: RHB J.R. Roberts
|
0-0: Swinging Strike 0-1: Foul Ball, location: 2F 0-2: SOLO HOME RUN (Flyball, 78XD, EV 99.4 MPH), Distance : 405 ft
|
|
Batting: LHB Nick Isaac
|
0-0: Ball 1-0: Foul Ball, location: 2F 1-1: Ball 2-1: Ball 3-1: Ground out U3 (Groundball, 3, EV 90.0 MPH)
|
| Top of the 2nd over - 1 run, 1 hit, 0 errors, 0 left on base; Orem 1 - Burlington 0 |
| BOTTOM OF THE 2ND |
|
Burlington Royals batting - Pitching for Orem Owlz : RHP Luis Cabrera
|
|
Batting: LHB Bobby Gonzalez
|
0-0: Ball 1-0: Fly out, F7 (Line Drive, 7D, EV 93.1 MPH)
|
|
Batting: RHB Rob Ward
|
0-0: Swinging Strike 0-1: Fly out, F6 (Flyball, 4MD, EV 79.4 MPH)
|
|
Batting: SHB Marcos Cortez
|
0-0: Called Strike 0-1: Ground out U3 (Groundball, 3, EV 80.6 MPH)
|
| Bottom of the 2nd over - 0 runs, 0 hits, 0 errors, 0 left on base; Orem 1 - Burlington 0 |
| TOP OF THE 3RD |
|
Orem Owlz batting - Pitching for Burlington Royals : LHP Hyoji Kawabata
|
|
Batting: RHB Pat Crawley
|
0-0: Called Strike 0-1: Called Strike 0-2: Strikes out swinging
|
|
Batting: RHB Malachi Ephron
|
0-0: Foul Ball, location: 2F 0-1: Ball 1-1: Ball 2-1: Swinging Strike 2-2: Strikes out swinging
|
|
Batting: SHB Butch Brown
|
0-0: Ball 1-0: Ball 2-0: Ball 3-0: Called Strike 3-1: Base on Balls
|
|
Batting: RHB Jose Ramirez
|
0-0: Ball 1-0: Ground out 4-3 (Groundball, 4, EV 84.4 MPH)
|
| Top of the 3rd over - 0 runs, 0 hits, 0 errors, 1 left on base; Orem 1 - Burlington 0 |
| BOTTOM OF THE 3RD |
|
Burlington Royals batting - Pitching for Orem Owlz : RHP Luis Cabrera
|
|
Batting: RHB Shane Bruce
|
0-0: Foul Ball, location: 2F 0-1: Ball 1-1: Foul Ball, location: 2F 1-2: Ground out 5-3 (Groundball, 56, EV 94.4 MPH)
|
|
Batting: RHB Steve Ryals
|
0-0: Called Strike 0-1: Ball 1-1: Swinging Strike 1-2: Strikes out swinging
|
|
Batting: LHB Ernesto Abreu
|
0-0: Ball 1-0: Called Strike 1-1: Foul Ball, location: 2F 1-2: Ball 2-2: Ball 3-2: Foul Ball, location: 2F 3-2: Strikes out swinging
|
| Bottom of the 3rd over - 0 runs, 0 hits, 0 errors, 0 left on base; Orem 1 - Burlington 0 |
| TOP OF THE 4TH |
|
Orem Owlz batting - Pitching for Burlington Royals : LHP Hyoji Kawabata
|
|
Batting: RHB Ryan Pelletier
|
0-0: Ground out 3-1 (Groundball, 34, EV 80.6 MPH)
|
|
Batting: RHB Kinya Nishimura
|
0-0: Called Strike 0-1: Fly out, F9 (Flyball, 89D, EV 101.9 MPH)
|
|
Batting: LHB Brett Bugge
|
0-0: Ball 1-0: Ball 2-0: Fly out, F9 (Flyball, 9S, EV 92.5 MPH)
|
| Top of the 4th over - 0 runs, 0 hits, 0 errors, 0 left on base; Orem 1 - Burlington 0 |
| BOTTOM OF THE 4TH |
|
Burlington Royals batting - Pitching for Orem Owlz : RHP Luis Cabrera
|
|
Batting: RHB Tim Persson
|
0-0: Swinging Strike 0-1: Ball 1-1: Ground out 3-1 (Groundball, 34S, EV 90.0 MPH)
|
|
Batting: SHB Manny Berrones
|
0-0: Ball 1-0: Ball 2-0: Ground out 6-3 (Groundball, 6M, EV 105.6 MPH)
|
|
Batting: SHB Danny Ballenger
|
0-0: Ball 1-0: Fly out, F7 (Flyball, 7S, EV 79.4 MPH)
|
| Bottom of the 4th over - 0 runs, 0 hits, 0 errors, 0 left on base; Orem 1 - Burlington 0 |
| TOP OF THE 5TH |
|
Orem Owlz batting - Pitching for Burlington Royals : LHP Hyoji Kawabata
|
|
Batting: RHB J.R. Roberts
|
0-0: Ball 1-0: Swinging Strike 1-1: Called Strike 1-2: Foul Ball, location: 2F 1-2: Strikes out swinging
|
|
Batting: LHB Nick Isaac
|
0-0: Hit by Pitch
|
|
Batting: RHB Pat Crawley
|
0-0: Swinging Strike 0-1: Ball 1-1: Fly out, F8 (Flyball, 8LM, EV 74.4 MPH)
|
|
Batting: RHB Malachi Ephron
|
0-0: Called Strike 0-1: Foul Ball, location: 2F 0-2: Ball 1-2: Ball 2-2: Ball 3-2: DOUBLE (Line Drive, 9LS, EV 89.4 MPH) Nick Isaac to third Nick Isaac scores
|
|
Batting: SHB Butch Brown
|
0-0: Ball 1-0: Foul Ball, location: 2F 1-1: Ball 2-1: Swinging Strike 2-2: Foul Ball, location: 2F 2-2: Fly out, F7 (Flyball, 7LS, EV 82.5 MPH)
|
| Top of the 5th over - 1 run, 1 hit, 0 errors, 1 left on base; Orem 2 - Burlington 0 |
| BOTTOM OF THE 5TH |
|
Burlington Royals batting - Pitching for Orem Owlz : RHP Luis Cabrera
|
|
Batting: LHB Bobby Gonzalez
|
0-0: Called Strike 0-1: Ball 1-1: Ball 2-1: Ground out U3 (Groundball, 13, EV 79.4 MPH)
|
|
Batting: RHB Rob Ward
|
0-0: Ball 1-0: Ball 2-0: Ball 3-0: Called Strike 3-1: Swinging Strike 3-2: Foul Ball, location: 2F 3-2: Foul Ball, location: 2F 3-2: Strikes out swinging
|
|
Batting: SHB Marcos Cortez
|
0-0: Ball 1-0: Ball 2-0: Ball 3-0: Base on Balls
|
|
Batting: RHB Shane Bruce
|
0-0: Swinging Strike 0-1: Ball 1-1: Foul Ball, location: 2F 1-2: Foul Ball, location: 2F 1-2: Ball 2-2: Ball 3-2: Foul Ball, location: 2F 3-2: Base on Balls Marcos Cortez to second
|
|
Batting: RHB Steve Ryals
|
0-0: Called Strike 0-1: Ball Wild Pitch! Marcos Cortez to third Shane Bruce to second 1-1: Called Strike 1-2: Strikes out swinging
|
| Bottom of the 5th over - 0 runs, 0 hits, 0 errors, 2 left on base; Orem 2 - Burlington 0 |
| TOP OF THE 6TH |
|
Orem Owlz batting - Pitching for Burlington Royals : LHP Hyoji Kawabata
|
|
Batting: RHB Jose Ramirez
|
0-0: Ball 1-0: Called Strike 1-1: Ball 2-1: Called Strike 2-2: Ball 3-2: Strikes out swinging
|
|
Batting: RHB Ryan Pelletier
|
0-0: Called Strike 0-1: SINGLE (Line Drive, 8LM, EV 94.4 MPH)
|
|
Batting: RHB Kinya Nishimura
|
0-0: Ball 1-0: Ball 2-0: Fly out, F9 (Flyball, 89M, EV 80.6 MPH)
|
|
Batting: LHB Brett Bugge
|
0-0: Called Strike 0-1: Swinging Strike 0-2: Fly out, F8 (Flyball, 8LM, EV 96.9 MPH)
|
| Top of the 6th over - 0 runs, 1 hit, 0 errors, 1 left on base; Orem 2 - Burlington 0 |
| BOTTOM OF THE 6TH |
|
Burlington Royals batting - Pitching for Orem Owlz : RHP Luis Cabrera
|
|
Batting: LHB Ernesto Abreu
|
0-0: Called Strike 0-1: Foul Ball, location: 2F 0-2: Ball 1-2: Strikes out swinging
|
|
Batting: RHB Tim Persson
|
0-0: Foul Ball, location: 2F 0-1: Swinging Strike 0-2: Foul Ball, location: 2F 0-2: Ball 1-2: Ball 2-2: Ball 3-2: Strikes out looking
|
|
Batting: SHB Manny Berrones
|
0-0: Swinging Strike 0-1: Swinging Strike 0-2: Ball 1-2: Fly out, F8 (Line Drive, 8LD, EV 89.4 MPH)
|
| Bottom of the 6th over - 0 runs, 0 hits, 0 errors, 0 left on base; Orem 2 - Burlington 0 |
| TOP OF THE 7TH |
|
Orem Owlz batting - Pitching for Burlington Royals : LHP Hyoji Kawabata
|
|
Batting: RHB J.R. Roberts
|
0-0: Called Strike 0-1: Fly out, F9 (Flyball, 9LS, EV 92.5 MPH)
|
|
Batting: RHB Danny Bjarnson
|
0-0: Ball 1-0: Swinging Strike 1-1: Fly out, F7 (Flyball, 7LM, EV 77.5 MPH)
|
|
Batting: RHB Pat Crawley
|
0-0: SINGLE (Groundball, 34D, EV 100.0 MPH)
|
|
Batting: RHB Malachi Ephron
|
0-0: Called Strike 0-1: Foul Ball, location: 2F 0-2: Ball 1-2: Foul Ball, location: 2F 1-2: Strikes out swinging
|
| Top of the 7th over - 0 runs, 1 hit, 0 errors, 1 left on base; Orem 2 - Burlington 0 |
| BOTTOM OF THE 7TH |
|
Burlington Royals batting - Pitching for Orem Owlz : RHP Luis Cabrera
|
|
Batting: SHB Danny Ballenger
|
0-0: Called Strike 0-1: Ball 1-1: Foul Ball, location: 2F 1-2: Ball 2-2: Strikes out swinging
|
|
Batting: LHB Bobby Gonzalez
|
0-0: Called Strike 0-1: Called Strike 0-2: Ball 1-2: Foul Ball, location: 2F 1-2: Ball 2-2: Ball 3-2: Strikes out swinging
|
|
Batting: RHB Rob Ward
|
0-0: SINGLE (Line Drive, 7S, EV 98.8 MPH)
|
|
Pitching: RHP Simon Vogel
|
|
|
Batting: SHB Marcos Cortez
|
0-0: Called Strike 0-1: Swinging Strike 0-2: Strikes out looking
|
| Bottom of the 7th over - 0 runs, 1 hit, 0 errors, 1 left on base; Orem 2 - Burlington 0 |
| TOP OF THE 8TH |
|
Orem Owlz batting - Pitching for Burlington Royals : LHP Hyoji Kawabata
|
|
Pitching: RHP Rich Frontczak
|
|
|
Batting: SHB Butch Brown
|
0-0: Swinging Strike 0-1: Ball 1-1: Swinging Strike 1-2: Ball 2-2: SINGLE (Groundball, 34D, EV 96.9 MPH)
|
|
Batting: RHB Jose Ramirez
|
0-0: Sac Bunt to 3S - play at first, batter OUT! 3-1 Butch Brown to second
|
|
Batting: RHB Ryan Pelletier
|
0-0: Intentional Walk
|
|
Batting: RHB Kinya Nishimura
|
0-0: Ball Butch Brown steals 3rd base Ryan Pelletier to second 1-0: Ball 2-0: SINGLE (Line Drive, 34D, EV 99.4 MPH) Butch Brown scores Ryan Pelletier to third
|
|
Batting: LHB Brett Bugge
|
0-0: Swinging Strike 0-1: Foul Ball, location: 2F 0-2: Ball 1-2: Fielders Choice at 2nd, 6-4 (Groundball, 6, EV 90.0 MPH) Ryan Pelletier scores
|
|
Batting: RHB J.R. Roberts
|
0-0: Swinging Strike 0-1: Swinging Strike 0-2: Ball 1-2: Foul Ball, location: 2F 1-2: SINGLE (Line Drive, 78M, EV 105.0 MPH) Brett Bugge to second
|
|
Batting: RHB Danny Bjarnson
|
0-0: Ball 1-0: Ball 2-0: Ball 3-0: Called Strike 3-1: Called Strike 3-2: DOUBLE (Groundball, 5L, EV 100.6 MPH) Brett Bugge scores J.R. Roberts to third J.R. Roberts scores
|
|
Pitching: RHP Tony Jimenez
|
|
|
Batting: RHB Pat Crawley
|
0-0: Foul Ball, location: 2F 0-1: Ball 1-1: Fly out, F8 (Line Drive, 8LM, EV 86.2 MPH)
|
| Top of the 8th over - 4 runs, 4 hits, 0 errors, 1 left on base; Orem 6 - Burlington 0 |
| BOTTOM OF THE 8TH |
|
Burlington Royals batting - Pitching for Orem Owlz : RHP Simon Vogel
|
|
Batting: RHB Shane Bruce
|
0-0: Foul Ball, location: 2F 0-1: Ground out U3 (Groundball, 3, EV 109.4 MPH)
|
|
Batting: RHB Steve Ryals
|
0-0: Called Strike 0-1: Ball 1-1: Called Strike 1-2: Strikes out swinging
|
|
Batting: LHB Ernesto Abreu
|
0-0: Ball 1-0: Ball 2-0: Ball 3-0: Called Strike 3-1: Ground out 4-3 (Groundball, 34, EV 109.4 MPH)
|
| Bottom of the 8th over - 0 runs, 0 hits, 0 errors, 0 left on base; Orem 6 - Burlington 0 |
| TOP OF THE 9TH |
|
Orem Owlz batting - Pitching for Burlington Royals : RHP Tony Jimenez
|
|
Batting: RHB Malachi Ephron
|
0-0: Ball 1-0: Called Strike 1-1: Ball 2-1: Foul Ball, location: 2F 2-2: Strikes out swinging
|
|
Batting: SHB Butch Brown
|
0-0: Called Strike 0-1: Ball 1-1: Called Strike 1-2: Strikes out swinging
|
|
Batting: RHB Jose Ramirez
|
0-0: Fly out, F9 (Line Drive, 9, EV 98.8 MPH)
|
| Top of the 9th over - 0 runs, 0 hits, 0 errors, 0 left on base; Orem 6 - Burlington 0 |
| BOTTOM OF THE 9TH |
|
Burlington Royals batting - Pitching for Orem Owlz : RHP Simon Vogel
|
|
Batting: RHB Tim Persson
|
0-0: Ball 1-0: Foul Ball, location: 2F 1-1: Ball 2-1: Foul Ball, location: 2F 2-2: Foul Ball, location: 2F 2-2: Ball 3-2: Base on Balls
|
|
Batting: SHB Manny Berrones
|
0-0: Foul Ball, location: 2F 0-1: Called Strike 0-2: SINGLE (Line Drive, 8LS, EV 112.5 MPH) Tim Persson to second
|
|
Batting: SHB Danny Ballenger
|
0-0: Ball 1-0: Foul Ball, location: 2F 1-1: Ball 2-1: Foul Ball, location: 2F 2-2: Fly out, F9 (Flyball, 9LM, EV 92.5 MPH) Runner from 2nd tags up, SAFE at 3rd, no throw by RF
|
|
Batting: LHB Bobby Gonzalez
|
0-0: Swinging Strike 0-1: Swinging Strike 0-2: Ball 1-2: Ball 2-2: Foul Ball, location: 2F 2-2: Ball 3-2: Strikes out swinging
|
|
Batting: RHB Rob Ward
|
0-0: Ball 1-0: Foul Ball, location: 2F 1-1: Ball 2-1: Foul Ball, location: 2F 2-2: Strikes out swinging
|
| Bottom of the 9th over - 0 runs, 1 hit, 0 errors, 2 left on base; Orem 6 - Burlington 0 |
|